 Dungeon Crawl Stone Soup version 0.32-a0-361-g289a535e89 (webtiles) character file.

Game seed: 8842559622355436115

391 Ceno the Trooper (level 6, -5/66 HPs)
             Began as an Oni Warper on Feb 18, 2024.
             Slain by an orc
             ... wielding a +1 flail of protection
              (7 damage)
             ... on level 4 of the Dungeon.
             The game lasted 00:07:35 (3263 turns).

Ceno the Trooper (Oni Warper)                       Turns: 3263, Time: 00:07:35

Health: -5/66      AC:  8    Str: 18    XL:     6   Next: 80%
Magic:  0/9        EV:  9    Int: 14    God:
Gold:   247        SH:  0    Dex:  8    Spells: 0/9 levels left

rFire   + . .        a - +0 mace
rCold   + . .        (no shield)
rNeg    . . .        b - +0 robe
rPois   .            (helmet restricted)
rElec   .            i - +0 cloak
rCorr   .            (gloves unavailable)
SInv    .            (boots unavailable)
Will    .....        x - amulet of Vehumet's Delight {Spirit rC+}
Stlth   +            t - ring of protection from fire
HPRegen 0.31/turn    k - +4 ring of protection
MPRegen 0.11/turn

%: guardian spirit
@: no status effects
A: large, unfitting armour, horns 1, tough skin 1, double potion healing,
drunken brawling
a: no special abilities


You were on level 4 of the Dungeon.
You visited 1 branch of the dungeon, and saw 4 of its levels.

You collected 247 gold pieces.

Inventory:

Hand Weapons
 a - a +0 mace (weapon)
Missiles
 d - 7 darts of dispersal
 e - 32 stones (quivered)
 m - 5 poisoned darts
Armour
 b - a +0 robe (worn)
 i - a +0 cloak (worn)
Jewellery
 j - a ring of wizardry
 k - a +4 ring of protection (right hand)
 t - a ring of protection from fire (left hand)
 x - the amulet of Vehumet's Delight (around neck) {Spirit rC+}
   (You found it on level 4 of the Dungeon)

   [amulet of guardian spirit]

   Spirit:    It causes incoming damage to be divided between your reserves of
   health and magic.
   rC+:       It protects you from cold.
 C - a ring of flight
Wands
 w - a wand of quicksilver (8)
Scrolls
 c - a scroll of blinking
 l - a scroll of poison {unknown}
 n - a scroll of vulnerability {unknown}
 v - a scroll of noise {unknown}
 y - a scroll of enchant armour {unknown}
 A - a scroll of identify
Potions
 f - a potion of heal wounds {unknown}
 g - a potion of invisibility {unknown}
 h - 2 potions of curing
 o - a potion of berserk rage {unknown}
 p - 2 potions of lignification
 q - 2 potions of haste {unknown}
 r - a potion of enlightenment {unknown}
 s - 2 potions of might {unknown}
 u - a potion of mutation {unknown}
 z - a potion of attraction {unknown}
 B - a potion of degeneration {unknown}
 D - a potion of resistance {unknown}
 E - a potion of brilliance {unknown}


   Skills:
 + Level 5.1 Fighting
 * Level 5.1 Maces & Flails
 - Level 1.0 Throwing
 - Level 2.1 Dodging
 - Level 2.4 Spellcasting
 + Level 4.0 Translocations


You couldn't memorise any spells.
You knew the following spells:

 Your Spells              Type           Power      Damage    Failure   Level
a - Blink                 Tloc           26%        N/A       6%          2
b - Manifold Assault      Tloc           13%        N/A       38%         4
c - Teleport Other        Tloc           13%        N/A       13%         3

Your spell library contained the following spells:

 Spells                   Type           Power      Damage    Failure   Level
 Lesser Beckoning         Tloc           26%        N/A       6%          2
 Vhi's Electric Charge    Tloc/Air       14%        N/A       69%         4


Dungeon Overview and Level Annotations

Branches:
Dungeon (4/15)
 Temple: D:4-7

Altars:
Dithmenos
Kikubaaqudgha
Zin

Shops:
D:2 !


Innate Abilities, Weirdness & Mutations

You are too large for most types of armour.
You have a pair of small horns on your head.
You have tough skin. (AC +1)
You gain doubled healing and magic from potions.
Whenever you drink a healing potion, you attack all around you.


Message History

The orc priest is severely wounded.
The orc priest barely misses you.
You sock the orc priest!
You kill the orc priest!
You hit the orc. You headbutt the orc, but do no damage.
The orc is lightly wounded.
The orc hits you but does no damage.
You hit the orc but do no damage.
The orc is lightly wounded.
The orc completely misses you.
You completely miss the orc. Your headbutt misses the orc.
The orc is lightly wounded.
The orc hits you with a +1 flail of protection.
* * * LOW HITPOINT WARNING * * *
The orc hits you but does no damage.
You closely miss the orc.
The orc is lightly wounded.
The orc hits you with a +1 flail of protection.
* * * LOW HITPOINT WARNING * * *
You barely miss the orc. Your headbutt misses the orc.
The orc is lightly wounded.
The orc hits you with a +1 flail of protection.
* * * LOW HITPOINT WARNING * * *
You barely miss the orc. Your headbutt misses the orc.
The orc is lightly wounded.
The orc hits you with a +1 flail of protection.
* * * LOW HITPOINT WARNING * * *
You barely miss the orc. You headbutt the orc, but do no damage.
The orc is lightly wounded.
The orc hits you but does no damage.
You hit the orc.
The orc is heavily wounded.
The orc completely misses you.
You hit the orc but do no damage.
The orc is heavily wounded.
The orc barely misses you.
You hit the orc.
The orc is almost dead.
The orc hits you with a +1 flail of protection!
You die...

...##......#.)......
.........##.########
..#########.# .## ##'##
.# ##...## .## ##.....##
. ..### ##.......## ..#
....###.........###.....
......'.........@oo.....
....###.........###.....
..#.# ##......)## ..#
.##.# ##.....## # ###.#
##..)## )...# ##'##
##### #)# #.# #.#


You could see 2 orcs.

Vanquished Creatures
  A scorpion (D:4)
  2 orc priests (D:4)
  An iguana (D:4)
  6 adders
  7 dart slugs
  A ribbon worm (D:2)
  5 orcs (D:3)
  6 ball pythons
  7 endoplasms
  3 giant cockroaches
  4 goblins
  13 hobgoblins
  15 jackals
  5 bats
  7 frilled lizards
  7 kobolds
  8 rats
98 creatures vanquished.

Vanquished Creatures (others)
  A human (D:3)
1 creature vanquished.

Grand Total: 99 creatures vanquished

Notes
Turn   | Place    | Note
-------+----------+-------------------------------------------
     0 | D:1      | Ceno the Oni Warper began the quest for the Orb.
     0 | D:1      | Reached XP level 1. HP: 22/22 MP: 3/3
    81 | D:1      | Reached XP level 2. HP: 28/31 MP: 5/5
    86 | D:1      | Learned a level 2 spell: Blink
   162 | D:1      | Reached XP level 3. HP: 37/37 MP: 6/6
   575 | D:1      | Reached XP level 4. HP: 44/45 MP: 7/7
   584 | D:1      | Learned a level 4 spell: Manifold Assault
   879 | D:2      | Found Yrphided's Distillery.
  1423 | D:2      | Reached XP level 5. HP: 54/54 MP: 8/8
  2022 | D:3      | Found a shadowy altar of Dithmenos.
  2268 | D:3      | Found an ancient bone altar of Kikubaaqudgha.
  2268 | D:3      | Noticed a human
  2272 | D:3      | Killed a human
  2542 | D:4      | Identified the amulet of Vehumet's Delight {Spirit rC+}
  2620 | D:4      | Reached XP level 6. HP: 60/63 MP: 7/9
  3027 | D:4      | Learned a level 3 spell: Teleport Other
  3097 | D:4      | Found a glowing silver altar of Zin.
  3249 | D:4      | Reached skill level 5 in Fighting
  3249 | D:4      | Reached skill level 5 in Maces & Flails
  3259 | D:4      | HP: 1/66 [orc/+1 flail of protection (4)]
  3263 | D:4      | Slain by an orc

Illustrated notes

Levels and vault maps discovered:
D:1:      dpeg_arrival_orchard, layout_loops_cross
D:2:      layout_loops_ring, serial_shops, nicolae_shop_hallway_stairs
D:3:      layout_loops_corners, tgw_kikubaaqudgha,
          mainiacjoe_overflow_surrounded_room
D:4:      wander_river, layout_loops_corners, zin_scriptorium

Skill      XL: |  1  2  3  4  5  6 |
---------------+-------------------+-----
Fighting       | 3 4 5 |  5.1
Translocations | 3 4 |  4.0
Maces & Flails | 3 4 5 |  5.1
Throwing       | |  1.0
Dodging        | |  2.1
Spellcasting   | |  2.4

Action                     |  1- 3 |  4- 6 || total
---------------------------+-------+-------++-------
  Melee: Mace              |    83 |   239 ||   322
         Headbutt          |    10 |    35 ||    45
  Throw: Dart              |       |     3 ||     3
   Cast: Manifold Assault  |       |     1 ||     1
    Use: Scroll            |       |     2 ||     2
 Armour: Robe              |    56 |   147 ||   203
  Dodge: Dodged            |    42 |   106 ||   148

Table legend: (Time is in decaauts)
 A = Elapsed time spent in this place.
 B = Non-inter-level travel time spent in this place.
 C = Inter-level travel time spent in this place.
 D = Time resting spent in this place.
 E = Time spent auto-exploring this place.
 F = Levels seen in this place.
 G = Mean time per level.
                   A        B        C        D        E       F      G
               +--------+--------+--------+--------+--------+-----+--------+
         Total |   3328 |   3290 |     38 |     42 |   2273 |   4 |  832.0 |
       Dungeon |   3328 |   3290 |     38 |     42 |   2273 |   4 |  832.0 |
               +--------+--------+--------+--------+--------+-----+--------+

Top non-repeatable levels by time:
     D:3: 908 daAuts
     D:1: 865 daAuts
     D:2: 807 daAuts
     D:4: 747 daAuts
